 Dungeon Crawl Stone Soup version 0.27.1-1-g398f81649c (webtiles) character file.

Game seed: 4576482462068570756

854 greenlake the Shield-Bearer (level 8, -1/67 HPs)
             Began as a Gnoll Fighter on Sept 14, 2021.
             Killed by nerve-wracking pain
             ... invoked by Menkaure
              (12 damage)
             ... on level 5 of the Dungeon.
             The game lasted 00:09:15 (5455 turns).

greenlake the Shield-Bearer (Gnoll Fighter)         Turns: 5455, Time: 00:09:16

Health: -1/67      AC: 11    Str: 15    XL:     8   Next: 1%
Magic:  12/12      EV:  8    Int:  9    God:
Gold:   258        SH: 10    Dex: 13    Spells: 12/12 levels left

rFire    . . .     SeeInvis .   a - +0 trident
rCold    . . .     Faith    .   c - +0 kite shield
rNeg     . . .     Spirit   .   b - +0 scale mail
rPois    .         Reflect  .   x - +0 helmet
rElec    .         Harm     .   (no cloak)
rCorr    .         Rampage  .   (no gloves)
Will     .....                  p - +1 pair of boots
Stlth    +.........             (no amulet)
HPRegen  0.21/turn              (no ring)
MPRegen  0.13/turn              (no ring)

@: no status effects
A: fangs 1, strong nose, distributed training
a: no special abilities


You were on level 5 of the Dungeon.
You visited 1 branch of the dungeon, and saw 5 of its levels.

You collected 258 gold pieces.

Inventory:

Hand Weapons
 a - a +0 trident (weapon)
 n - a +0 halberd
 q - a +0 scythe
Missiles
 u - 6 atropa-tipped darts (quivered)
Armour
 b - a +0 scale mail (worn)
 c - a +0 kite shield (worn)
 p - a +1 pair of boots (worn)
 x - a +0 helmet (worn)
Wands
 y - a wand of flame (18)
 z - a wand of iceblast (7)
Scrolls
 e - a scroll of immolation {unknown}
 g - 4 scrolls of teleportation {unknown}
 h - a scroll of acquirement {unknown}
 j - 2 scrolls of noise {unknown}
 k - 3 scrolls of identify {unknown}
 l - a scroll of fog {unknown}
 m - 3 scrolls of magic mapping {unknown}
 o - 2 scrolls of enchant weapon {unknown}
 t - a scroll of enchant armour {unknown}
 v - a scroll of torment {unknown}
Potions
 d - a potion of might
 f - a potion of curing {unknown}
 i - a potion of cancellation {unknown}
 r - a potion of heal wounds {unknown}
 s - a potion of ambrosia {unknown}
 w - a potion of invisibility {unknown}


   Skills:
 + Level 7.2 Fighting
 + Level 2.8 Short Blades
 + Level 2.8 Long Blades
 + Level 2.8 Axes
 + Level 2.8 Maces & Flails
 + Level 5.4 Polearms
 + Level 2.8 Staves
 + Level 2.8 Slings
 + Level 2.8 Bows
 + Level 2.8 Crossbows
 + Level 2.8 Throwing
 + Level 7.2 Armour
 + Level 2.8 Dodging
 + Level 2.8 Stealth
 + Level 7.2 Shields
 + Level 2.8 Unarmed Combat
 + Level 2.8 Spellcasting
 + Level 2.3 Conjurations
 + Level 2.3 Hexes
 + Level 2.3 Summonings
 + Level 2.3 Necromancy
 + Level 2.3 Translocations
 + Level 2.3 Transmutations
 + Level 2.3 Fire Magic
 + Level 2.3 Ice Magic
 + Level 2.3 Air Magic
 + Level 2.3 Earth Magic
 + Level 2.3 Poison Magic
 + Level 3.1 Invocations
 + Level 2.8 Evocations


You had 12 spell levels left.
You didn't know any spells.
Your spell library contained the following spells:

 Spells                   Type           Power      Damage    Failure   Level
 Pain                     Necr           20%        1d5       71%         1
 Summon Small Mammal      Summ           20%        N/A       71%         1
 Blink                    Tloc           N/A        N/A       85%         2
 Call Canine Familiar     Summ           5%         N/A       97%         3
 Summon Guardian Golem    Hex/Summ       5%         N/A       97%         3
 Agony                    Necr           5%         N/A       100%        5
 Excruciating Wounds      Necr           2%         N/A       100%        5
 Fireball                 Conj/Fire      2%         3d4       100%        5
 Manifold Assault         Tloc           5%         N/A       100%        5
 Starburst                Conj/Fire      2%         6d3       100%        6
 Storm Form               Tmut/Air       2%         N/A       100%        7
 Ignition                 Fire           2%         3d3       100%        8


Dungeon Overview and Level Annotations

Branches:
Dungeon (5/15)
 Temple: D:4-7

Altars:

Shops:
D:3 (

Annotations:
D:2 1 runed translucent door, Crazy Yiuf
D:5 Menkaure


Innate Abilities, Weirdness & Mutations

You have very sharp teeth.
Your uncanny sense of smell can sniff out nearby items.
Your experience applies equally to all skills.


Message History

You have reached level 8!
You feel agile.
You puncture the hound skeleton!
The hound skeleton is heavily damaged.
The hound skeleton bites you but does no damage.
You hit the hound skeleton.
The hound skeleton is severely damaged.
The hound skeleton closely misses you.
The hound skeleton bites you but does no damage.
You puncture the hound skeleton!
You destroy the hound skeleton!
You block Menkaure's attack.
You hit Menkaure but do no damage. Menkaure barely misses you.
You hit Menkaure but do no damage.
Menkaure gestures wildly while chanting.
Menkaure seems to speed up.
You barely miss Menkaure. Menkaure closely misses you.
You hit Menkaure but do no damage. You block Menkaure's attack.
Menkaure closely misses you.
You hit Menkaure but do no damage. Your bite misses Menkaure.
Menkaure closely misses you.
You barely miss Menkaure. You block Menkaure's attack.
You hit Menkaure. Your bite misses Menkaure.
Menkaure is lightly damaged.
Menkaure points at you and mumbles some strange words.
Pain shoots through your body!
Menkaure calls on the powers of darkness!
Your body is wracked with pain!
You hit Menkaure but do no damage. You bite Menkaure, but do no damage.
Menkaure is lightly damaged.
Menkaure calls on the powers of darkness!
Your body is wracked with pain!
* * * LOW HITPOINT WARNING * * *
Menkaure hits you.
* * * LOW HITPOINT WARNING * * *
There is an escape hatch in the floor here.
You see here an adder corpse.
Menkaure gestures at you while chanting.
Pain shoots through your body!
You die...

....................#
###################.#
#.## #### #.# .#.##
...# #.# ###.# #..#
#.# .#.## #...#
##.### #.##
#....##M...### #.#
#..#.(..)#.[...# #.#
...###@..###.##.# #.#
##..#..#..#..#
#.M..M..#
#....###$.$##
######.## #.#.# #?)##
#.... #...# # ..#
..#... ..# ##.. ##..


You could see Menkaure (fast).

Vanquished Creatures
  Eustachio (D:4)
  Edmund (D:4)
  A centaur (D:4)
  A scorpion (D:4)
  2 howler monkeys
  A jelly (D:4)
  A hound (D:2)
  2 orc priests
  An iguana (D:4)
  A hound zombie (D:5)
  A hound skeleton (D:5)
  Robin (D:2)
  7 adders
  4 gnolls
  3 dart slugs
  18 orcs
  5 endoplasms
  A giant cockroach (D:1)
  6 hobgoblins
  3 quokkas
  2 ball pythons
  2 bats (D:2)
  A frilled lizard (D:2)
  12 goblins
  5 kobolds
  5 rats
88 creatures vanquished.

Notes
Turn   | Place    | Note
-------+----------+-------------------------------------------
     0 | D:1      | greenlake the Gnoll Fighter began the quest for the Orb.
     0 | D:1      | Reached XP level 1. HP: 23/23 MP: 1/1
   218 | D:1      | Found a faded altar of an unknown god.
   452 | D:1      | Reached XP level 2. HP: 29/29 MP: 2/2
   914 | D:2      | Reached skill level 1 in Short Blades
   914 | D:2      | Reached skill level 1 in Long Blades
   914 | D:2      | Reached skill level 1 in Axes
   914 | D:2      | Reached skill level 1 in Maces & Flails
   914 | D:2      | Reached skill level 1 in Staves
   914 | D:2      | Reached skill level 1 in Slings
   914 | D:2      | Reached skill level 1 in Bows
   914 | D:2      | Reached skill level 1 in Crossbows
   914 | D:2      | Reached skill level 1 in Throwing
   914 | D:2      | Reached skill level 1 in Dodging
   914 | D:2      | Reached skill level 1 in Stealth
   914 | D:2      | Reached skill level 1 in Unarmed Combat
   914 | D:2      | Reached skill level 1 in Spellcasting
   914 | D:2      | Reached skill level 1 in Invocations
   914 | D:2      | Reached skill level 1 in Evocations
   914 | D:2      | Reached XP level 3. HP: 35/35 MP: 2/4
   920 | D:2      | Reached XP level 4. HP: 41/41 MP: 2/5
   995 | D:2      | Noticed Robin
  1012 | D:2      | Killed Robin
  1592 | D:2      | Found a runed translucent door.
  1593 | D:2      | Noticed Crazy Yiuf
  1711 | D:2      | Reached skill level 1 in Conjurations
  1711 | D:2      | Reached skill level 1 in Hexes
  1711 | D:2      | Reached skill level 1 in Summonings
  1711 | D:2      | Reached skill level 1 in Necromancy
  1711 | D:2      | Reached skill level 1 in Translocations
  1711 | D:2      | Reached skill level 1 in Transmutations
  1711 | D:2      | Reached skill level 1 in Fire Magic
  1711 | D:2      | Reached skill level 1 in Ice Magic
  1711 | D:2      | Reached skill level 1 in Air Magic
  1711 | D:2      | Reached skill level 1 in Earth Magic
  1711 | D:2      | Reached skill level 1 in Poison Magic
  2039 | D:3      | Reached XP level 5. HP: 25/47 MP: 5/7
  2814 | D:3      | Found Haqovot's Antique Weapon Shop.
  3102 | D:3      | Reached XP level 6. HP: 53/53 MP: 8/8
  3257 | D:4      | Noticed Eustachio
  3363 | D:4      | Reached skill level 5 in Polearms
  3547 | D:4      | Noticed Edmund
  4301 | D:4      | Reached XP level 7. HP: 17/57 MP: 10/10
  4653 | D:4      | Killed Edmund
  4936 | D:4      | Killed Eustachio
  5114 | D:5      | Entered Level 5 of the Dungeon
  5389 | D:5      | Noticed Menkaure
  5439 | D:5      | Reached XP level 8. HP: 66/67 MP: 12/12
  5455 | D:5      | Killed from afar by Menkaure

Illustrated notes

Levels and vault maps discovered:
D:1:      dpeg_arrival_lava_altar, layout_loops_corners,
          shapermc_ecumenical_altar_notcrosses, minmay_misc_feat_doors
D:2:      layout_loops_ring, minmay_tromino_i4, uniq_robin,
          uniq_crazy_yiuf_cottage
D:3:      layout_loops_cross, serial_shops, nicolae_shop_crystal
D:4:      layout_rooms, uniq_edmund, uniq_eustachio
D:5:      layout_loops_ring, gammafunk_ghost_mausoleum, minmay_strange_pillars,
          uniq_menkaure, uniq_duvessa

Skill      XL: |  1  2  3  4  5  6  7 |
---------------+----------------------+-----
Short Blades   | 1 2 |  2.8
Long Blades    | 1 2 |  2.8
Axes           | 1 2 |  2.8
Maces & Flails | 1 2 |  2.8
Staves         | 1 2 |  2.8
Slings         | 1 2 |  2.8
Bows           | 1 2 |  2.8
Crossbows      | 1 2 |  2.8
Throwing       | 1 2 |  2.8
Dodging        | 1 2 |  2.8
Stealth        | 1 2 |  2.8
Unarmed Combat | 1 2 |  2.8
Spellcasting   | 1 2 |  2.8
Invocations    | 1 2 3 |  3.1
Evocations     | 1 2 |  2.8
Conjurations   | 1 2 |  2.3
Hexes          | 1 2 |  2.3
Summonings     | 1 2 |  2.3
Necromancy     | 1 2 |  2.3
Translocations | 1 2 |  2.3
Transmutations | 1 2 |  2.3
Fire Magic     | 1 2 |  2.3
Ice Magic      | 1 2 |  2.3
Air Magic      | 1 2 |  2.3
Earth Magic    | 1 2 |  2.3
Poison Magic   | 1 2 |  2.3
Polearms       | 5 |  5.4
Fighting       | 7 |  7.2
Armour         | 7 |  7.2
Shields        | 7 |  7.2

Action                   |  1- 3 |  4- 6 |  7- 9 || total
-------------------------+-------+-------+-------++-------
Melee: Trident           |    29 |   182 |   162 ||   373
       Bite              |     2 |    17 |    15 ||    34
Armor: Scale mail        |     6 |    68 |    69 ||   143
Dodge: Dodged            |     4 |    55 |    44 ||   103
Block: Kite shield       |    17 |    92 |    74 ||   183
